 Dungeon Sprint DCSS version 0.19.4 (webtiles) character file.

6100000 Groucho the Intangible (level 26, -6/242 HPs)
             Began as a Demonspawn Assassin on Jan 31, 2017.
             Was the Champion of Makhleb.
             Mangled by a destroyer
             ... wielding a +9 great sword of slicing
              (15 damage)
             ... in the Dungeon (Sprint VIII: "Arena of Blood").
             The game lasted 00:02:17 (61 turns).

Groucho the Intangible (Demonspawn Assassin)          Turns: 61, Time: 00:02:18

Health: -6/242     AC: 10    Str: 12    XL:     26   Next: 29%
Magic:  25/54      EV: 37    Int: 15    God:    Makhleb [******]
Gold:   0          SH:  0    Dex: 24    Spells: 0 memorised, 79 levels left

rFire  + . .     SeeInvis .     n - +∞ Axe of Woe
rCold  . . .     Gourm    .     c - +0 robe
rNeg   . . .     Faith    .     (shield currently unavailable)
rPois  +         Spirit   .     (no helmet)
rElec  .         Reflect  .     d - +0 cloak
rCorr  .         Harm     .     (gloves unavailable)
MR     +....     NoTele   +     (no boots)
Stlth  +++++++++.               (no amulet)
                                (no ring)
                                (no ring)

@: no status effects
A: claws 3, slimy green scales 3, demonic guardian 3, fire resistance 1, hurl
damnation, spiny 3, flame cloud immunity
a: Hurl Damnation, Minor Destruction, Lesser Servant of Makhleb, Major
Destruction, Greater Servant of Makhleb, Renounce Religion


You were in the Dungeon.
You worshipped Makhleb.
Makhleb was exalted by your worship.
You were not hungry.

You visited 1 branch

Inventory:

Hand Weapons
 a - a +2 dagger
 b - a +0 blowgun
 n - the +∞ Axe of Woe (weapon)
   (You found it in the Dungeon)
Missiles
 e - 8 poisoned needles
 f - 2 curare-tipped needles
Armour
 c - a +0 robe (worn)
 d - a +0 cloak (worn)
Scrolls
 m - a scroll of blinking
Potions
 h - a potion of curing
 i - a potion of heal wounds
 j - a potion of haste
 k - 2 potions of magic
 l - a potion of berserk rage
Comestibles
 g - a bread ration


   Skills:
 O Level 27 Fighting
 O Level 27 Short Blades
 O Level 27 Axes
 O Level 27 Throwing
 O Level 27 Armour
 O Level 27 Dodging
 O Level 27 Stealth
 O Level 27 Unarmed Combat
 O Level 27 Spellcasting
 O Level 27 Invocations


You had 79 spell levels left.
You didn't know any spells.

Dungeon Overview and Level Annotations

Branches:
Dungeon (1/1)

Altars:
Makhleb


Innate Abilities, Weirdness & Mutations

You have claws for hands.
You are completely covered in slimy green scales. (AC +4, rPois)
A powerful demonic guardian rushes to your aid.
Your flesh is heat resistant. (rF+)
You can hurl damnation.
You are completely covered in sharp spines.
You are immune to clouds of flame.


Message History

You hit the meat berserker but do no damage.
You fatally mangle the meat berserker.
You kill the meat berserker!
Makhleb accepts your kill.
You hear a shout! x7
An ogre and a hill giant come into view.
Unknown command.
Press < or > to pray at altars.
Unknown command.
Press < or > to pray at altars. 5 orcs, an ogre and a greater mummy come into view.
You hear a shout! x2
The meat berserker is engulfed in roaring flames.
The meat berserker hits you with a +9 battleaxe!!!
You hear a shout!
The destroyer is engulfed in roaring flames.
The destroyer hits you with a +9 great sword of slicing!!!!!
Ouch! That really hurt!
* * * LOW HITPOINT WARNING * * *
You die...

.. ..... #. .O..#
#.. ...# ..
.###.. ...###...
......###........
......_.§.V.....
#...§O# #_%<§§#
#.%z)@#
....%._§VOo.Mo..
......###...O.oo.
.###.. C..###Mo.
#.. ...# o. #.
....# .. .....
......


You could see 2 accurseds, a destroyer, a sculptor of flesh, a large bag of meat
(inner flame), 4 meat berserkers and 6 bags of meat.

Vanquished Creatures
  6 vampire knights (D)
  19 ogres (D)
  A lich (D)
  14 orcs (D)
  4 hill giants (D)
  3 large abominations (D)
  A small abomination (D)
  A crawling corpse (D)
49 creatures vanquished.

Vanquished Creatures (others)
  2 crawling corpses (D)
2 creatures vanquished.

Grand Total: 51 creatures vanquished

Notes
Turn   | Place    | Note
-------+----------+-------------------------------------------
     0 | D        | Groucho the Demonspawn Assassin began the quest for the Orb.
     0 | D        | Reached XP level 1. HP: 16/16 MP: 1/1
     4 | D        | Noticed a bag of meat
     4 | D        | Noticed a meat berserker
     4 | D        | Became a worshipper of Makhleb the Destroyer
     6 | D        | Killed a meat berserker
     6 | D        | Gained mutation: You are partially covered in slimy green scales. (AC +2) [demonic ancestry]
     6 | D        | Reached XP level 2. HP: 22/22 MP: 2/2
     6 | D        | Gained mutation: You have sharp fingernails. [demonic ancestry]
     6 | D        | Reached XP level 3. HP: 27/27 MP: 3/3
     6 | D        | Gained mutation: A weak demonic guardian rushes to your aid. [demonic ancestry]
     6 | D        | Reached XP level 4. HP: 33/33 MP: 4/4
     6 | D        | Reached XP level 5. HP: 38/38 MP: 5/5
     6 | D        | Reached XP level 6. HP: 44/44 MP: 6/6
     6 | D        | Reached XP level 7. HP: 50/50 MP: 7/7
     6 | D        | Gained mutation: You are mostly covered in slimy green scales. (AC +3) [demonic ancestry]
     6 | D        | Reached XP level 8. HP: 56/56 MP: 8/8
     6 | D        | Gained mutation: A demonic guardian rushes to your aid. [demonic ancestry]
     6 | D        | Reached XP level 9. HP: 61/61 MP: 9/9
     6 | D        | Gained mutation: You have very sharp fingernails. [demonic ancestry]
     6 | D        | Reached XP level 10. HP: 67/67 MP: 10/10
     6 | D        | Reached XP level 11. HP: 72/72 MP: 11/11
     6 | D        | Reached XP level 12. HP: 78/78 MP: 12/12
     6 | D        | Gained mutation: You are partially covered in sharp spines. [demonic ancestry]
     6 | D        | Reached XP level 13. HP: 83/83 MP: 13/13
     9 | D        | Noticed a meat berserker
     9 | D        | Killed a bag of meat
     9 | D        | Reached * piety under Makhleb
    11 | D        | Noticed a bag of meat
    11 | D        | Noticed a meat berserker
    13 | D        | Noticed a meat berserker
    13 | D        | Killed a meat berserker
    13 | D        | Gained mutation: Your flesh is heat resistant. (rF+) [demonic ancestry]
    13 | D        | Reached XP level 14. HP: 90/90 MP: 14/14
    15 | D        | Killed a meat berserker
    15 | D        | Reached XP level 15. HP: 95/95 MP: 15/15
    16 | D        | Killed a meat berserker
    16 | D        | Reached ** piety under Makhleb
    16 | D        | Reached skill level 27 in Axes
    16 | D        | Reached skill level 27 in Dodging
    16 | D        | Gained mutation: You have claws for hands. [demonic ancestry]
    16 | D        | Reached XP level 16. HP: 134/134 MP: 15/28
    19 | D        | Noticed a meat berserker
    22 | D        | Noticed a meat berserker
    25 | D        | Killed a meat berserker
    25 | D        | Gained mutation: You are immune to clouds of flame. [demonic ancestry]
    25 | D        | Reached XP level 17. HP: 88/158 MP: 16/34
    25 | D        | Killed a meat berserker
    25 | D        | Reached *** piety under Makhleb
    25 | D        | Reached skill level 27 in Invocations
    28 | D        | Noticed a meat berserker
    28 | D        | Noticed a meat berserker
    28 | D        | Reached skill level 27 in Fighting
    28 | D        | Reached skill level 10 in Armour
    31 | D        | Noticed a large bag of meat
    31 | D        | Reached XP level 18. HP: 165/182 MP: 18/35
    31 | D        | Noticed a large bag of meat
    32 | D        | Killed a large bag of meat
    32 | D        | Reached **** piety under Makhleb
    32 | D        | Noticed a destroyer
    33 | D        | Killed a meat berserker
    33 | D        | Killed a meat berserker
    33 | D        | Reached skill level 27 in Armour
    33 | D        | Gained mutation: You are completely covered in slimy green scales. (AC +4, rPois) [demonic ancestry]
    33 | D        | Reached XP level 19. HP: 189/189 MP: 18/36
    34 | D        | Noticed a meat berserker
    34 | D        | Killed a destroyer
    35 | D        | Noticed a meat berserker
    36 | D        | Noticed a meat berserker
    36 | D        | Noticed a destroyer
    37 | D        | Noticed a meat berserker
    37 | D        | Killed a meat berserker
    37 | D        | Reached skill level 27 in Short Blades
    37 | D        | Reached XP level 20. HP: 151/197 MP: 19/37
    37 | D        | Killed a meat berserker
    37 | D        | Reached ***** piety under Makhleb
    38 | D        | Noticed a destroyer
    39 | D        | Noticed a destroyer
    39 | D        | Killed a meat berserker
    39 | D        | Reached skill level 27 in Unarmed Combat
    39 | D        | Reached skill level 10 in Throwing
    39 | D        | Reached XP level 21. HP: 204/204 MP: 19/38
    39 | D        | Killed a destroyer
    41 | D        | Killed a destroyer
    41 | D        | Reached skill level 27 in Throwing
    42 | D        | Killed a destroyer
    42 | D        | Reached XP level 22. HP: 212/212 MP: 20/47
    44 | D        | Reached ****** piety under Makhleb
    45 | D        | Reached skill level 27 in Spellcasting
    46 | D        | Noticed a destroyer
    46 | D        | Noticed a destroyer
    46 | D        | Gained mutation: You can hurl damnation. [demonic ancestry]
    46 | D        | Reached XP level 23. HP: 219/219 MP: 21/54
    49 | D        | Reached skill level 27 in Stealth
    50 | D        | Killed a destroyer
    51 | D        | Gained mutation: A powerful demonic guardian rushes to your aid. [demonic ancestry]
    51 | D        | Reached XP level 24. HP: 227/227 MP: 22/54
    52 | D        | Noticed an accursed
    52 | D        | Noticed a tyrant
    55 | D        | Killed a tyrant
    55 | D        | Gained mutation: You are mostly covered in sharp spines. [demonic ancestry]
    55 | D        | Reached XP level 25. HP: 234/234 MP: 23/54
    56 | D        | Noticed an accursed
    56 | D        | Killed a destroyer
    58 | D        | Noticed a destroyer
    59 | D        | Gained mutation: You are completely covered in sharp spines. [demonic ancestry]
    59 | D        | Reached XP level 26. HP: 242/242 MP: 24/54
    61 | D        | Noticed an accursed
    61 | D        | HP: 9/242 [destroyer/+9 great sword of slicing (170)]
    61 | D        | Mangled by a destroyer

Skill      XL: |  1  2  3  4  5  6  7  8  9 10 11 12 13 14 15 16 17 18 19 20 21 22 23 |
---------------+----------------------------------------------------------------------+-----
Axes           | 20 24 26 27 | 27.0
Dodging        | 20 24 26 27 | 27.0
Fighting       | 14 21 27 | 27.0
Invocations    | 17 26 27 | 27.0
Armour         | 16 27 | 27.0
Short Blades   | 12 27 | 27.0
Unarmed Combat | 4 27 | 27.0
Throwing       | 10 27 | 27.0
Spellcasting   | 21 27 | 27.0
Stealth        | 21 27 | 27.0

Action                   |  1- 3 |  4- 6 |  7- 9 | 10-12 | 13-15 | 16-18 | 19-21 | 22-24 | 25-27 || total
-------------------------+-------+-------+-------+-------+-------+-------+-------+-------+-------++-------
Melee: Executioner's axe |     1 |       |       |       |     4 |     6 |     6 |    11 |     5 ||    33
Dodge: Dodged            |       |       |       |       |     1 |       |     1 |     1 |       ||     3
